 Dungeon Crawl Stone Soup version 0.23-a0-622-g59b4ea9c50 (webtiles) character file.

695 Maize the Chopper (level 7, -8/63 HPs)
             Began as a Minotaur Fighter on Dec 24, 2018.
             Mangled by an ogre
             ... wielding a +0 giant spiked club
              (24 damage)
             ... on level 4 of the Dungeon.
             The game lasted 00:05:38 (2544 turns).

Maize the Chopper (Minotaur Fighter)                Turns: 2544, Time: 00:05:39

Health: -8/63      AC: 11    Str: 23    XL:     7   Next: 37%
Magic:  6/6        EV:  8    Int:  5    God:
Gold:   134        SH:  0    Dex:  9    Spells: 6/6 levels left

rFire    . . .     SeeInvis +   a - +0 war axe
rCold    . . .     Gourm    .   (no shield)
rNeg     . . .     Faith    .   j - +0 chain mail
rPois    .         Spirit   .   (helmet restricted)
rElec    .         Reflect  .   (no cloak)
rCorr    +         Harm     .   p - +0 pair of gloves
MR       .....                  (no boots)
Stlth    ..........             (no amulet)
HPRegen  0.20/turn              o - ring of resist corrosion
MPRegen  0.10/turn              x - ring of see invisible

@: no status effects
A: retaliatory headbutt, horns 2
a: no special abilities


You were on level 4 of the Dungeon.
You were hungry.

You visited 1 branch of the dungeon, and saw 4 of its levels.

You collected 134 gold pieces.

Inventory:

Hand Weapons
 a - a +0 war axe (weapon)
Armour
 j - a +0 chain mail (worn)
 p - a +0 pair of gloves (worn)
Jewellery
 h - an uncursed amulet of faith
 o - a ring of resist corrosion (left hand)
 x - a ring of see invisible (right hand)
Scrolls
 g - a scroll of enchant weapon {unknown}
 i - a scroll of remove curse {unknown}
 l - 2 scrolls of identify {unknown}
 m - a scroll of teleportation {unknown}
 u - a scroll of amnesia {unknown}
 v - a scroll of fear {unknown}
 w - a scroll of fog {unknown}
Potions
 b - a potion of magic {unknown}
 d - 2 potions of might
 e - a potion of haste {unknown}
 k - a potion of degeneration {unknown}
 n - 3 potions of curing {unknown}
 q - a potion of brilliance {unknown}
 r - 3 potions of flight {unknown}
 s - a potion of heal wounds {unknown}
 t - a potion of agility {unknown}
Comestibles
 c - a chunk of flesh
 f - 6 rations


   Skills:
 + Level 6.0 Fighting
 * Level 7.3 Axes
 + Level 6.0 Armour
   Level 3.6 Shields


You had 6 spell levels left.
You didn't know any spells.
Your spell library was empty.

Dungeon Overview and Level Annotations

Branches:
Dungeon (4/15)
 Temple: D:4-7

Altars:
Gozag
Makhleb
Qazlal
Vehumet


Innate Abilities, Weirdness & Mutations

You reflexively headbutt those who attack you in melee.
You have a pair of horns on your head.


Message History

You are electrocuted!
* * * LOW HITPOINT WARNING * * *
You hear a shout! x2
You hit the ogre.
The ogre is moderately wounded.
You miss the orc wizard.
The ogre hits you with a +0 giant spiked club!
* * * LOW HITPOINT WARNING * * *
The orc wizard points at you and mumbles some strange words.
The magic dart hits you!
* * * LOW HITPOINT WARNING * * *
You barely miss the ogre.
You headbutt the ogre, but do no damage.
The ogre is moderately wounded.
You completely miss the orc wizard.
The orc wizard hits you with a +1 dagger of electrocution.
* * * LOW HITPOINT WARNING * * *
The howler monkey closely misses you.
The ogre hits you with a +0 giant spiked club!!
You die...

### ..#.....
#####.. ......##
.......
#......##
######..
.##.......#
........
..........#
#######.
#........##.# #.
##....hO.o...#
#. ......o@.#
###. ##...###)#
#... ... #.#
#.## #
#.############>#
#............#.#
############.#.#
#.#.# ##.#.#
#..#.##


You could see an ogre, a howler monkey, an orc wizard and an orc.

Vanquished Creatures
  2 ogres (D:4)
  3 wights (D:4)
  A howler monkey (D:3)
  2 crimson imps
  2 orc priests
  Jessica (D:2)
  3 gnolls (D:3)
  8 adders
  2 oozes
  5 worms
  2 dart slugs
  2 leopard geckos
  4 orcs
  8 giant cockroaches
  6 goblins
  7 hobgoblins
  4 jackals
  4 kobolds
  2 quokkas
  2 ball pythons
  6 bats
  8 frilled lizards
  A quokka skeleton (D:4)
  6 rats
91 creatures vanquished.

Notes
Turn   | Place    | Note
-------+----------+-------------------------------------------
     0 | D:1      | Maize the Minotaur Fighter began the quest for the Orb.
     0 | D:1      | Reached XP level 1. HP: 19/19 MP: 0/0
   291 | D:1      | Reached skill level 3 in Axes
   291 | D:1      | Reached XP level 2. HP: 26/27 MP: 1/1
   663 | D:1      | Reached XP level 3. HP: 33/33 MP: 2/2
   941 | D:2      | Reached skill level 4 in Axes
   946 | D:2      | Reached XP level 4. HP: 40/40 MP: 3/3
  1068 | D:2      | Noticed Jessica
  1073 | D:2      | Killed Jessica
  1109 | D:2      | Found a stormy altar of Qazlal.
  1109 | D:2      | Noticed an air elemental
  1117 | D:2      | Noticed a fire elemental
  1118 | D:2      | Noticed a water elemental
  1118 | D:2      | Noticed an earth elemental
  1177 | D:2      | Reached XP level 5. HP: 32/47 MP: 4/4
  1332 | D:2      | Found an opulent altar of Gozag.
  1590 | D:3      | Reached skill level 5 in Axes
  1726 | D:3      | Found a faded altar of an unknown god.
  1846 | D:3      | Reached skill level 5 in Fighting
  1846 | D:3      | Reached skill level 5 in Armour
  1941 | D:3      | Reached XP level 6. HP: 54/56 MP: 5/5
  2014 | D:3      | Found a burning altar of Makhleb.
  2014 | D:3      | Found a radiant altar of Vehumet.
  2039 | D:4      | Reached skill level 6 in Axes
  2196 | D:4      | Reached XP level 7. HP: 46/62 MP: 6/6
  2380 | D:4      | Reached skill level 7 in Axes
  2544 | D:4      | Mangled by an ogre

Vault maps used:
D:1:      minmay_arrival_shattered_statue, minmay_tromino_v4_a
D:2:      lemuel_round_altar, nicolae_qazlal_style_of_elements,
          bh_walls_and_bars, uniq_jessica
D:3:      grunt_temple_overflow_lords_of_destruction,
          chequers_ecumenical_altar_simple, lightli_corner_chamber
D:4:      nicolae_overflow_hidden_temple, kennysheep_mini, first_ration,
          kennysheep_another_room

Skill      XL: |  1  2  3  4  5  6  7 |
---------------+----------------------+-----
Axes           | 3 4 5 6 7 |  7.3
Armour         | 4 5 6 |  6.0
Fighting       | 4 5 6 |  6.0
Shields        | |  3.6

Action                   |  1- 3 |  4- 6 |  7- 9 || total
-------------------------+-------+-------+-------++-------
Melee: War axe           |    58 |   121 |    32 ||   211
       Headbutt          |     5 |    32 |     6 ||    43
  Eat: Chunk             |       |     4 |     1 ||     5
Armor: Scale mail        |    18 |       |       ||    18
       Chain mail        |    36 |    83 |    14 ||   133
Dodge: Dodged            |    39 |    53 |    10 ||   102

Table legend:
 A = Non-vault XP
 B = Vault XP
 C = Vault XP percentage of total XP
 D = Non-vault monster count
 E = Vault monster count
 F = Vault count percentage of total count
                 A         B        C        D         E       F
            +---------+---------+-------+---------+---------+-------
      Total |     899 |      94 |   9.5 |      85 |       6 |   6.6
            +---------+---------+-------+---------+---------+-------
        D:1 |      35 |       7 |  16.7 |      17 |       4 |  19.0
        D:2 |     142 |      37 |  20.7 |      30 |       1 |   3.2
        D:3 |     182 |      50 |  21.6 |      24 |       1 |   4.0
        D:4 |     540 |       0 |   0.0 |      14 |       0 |   0.0
            +---------+---------+-------+---------+---------+-------
